[Event "Titled Tuesday Blitz November 22 Early 2022"]
[White "Lohani, Sujana"]
[Black "Nissinen, Niilo Man"]
[WhiteFideId "12311987"]
[BlackFideId "30950767"]
[WhiteElo "1691"]
[BlackElo "1896"]
[Result "0-1"]
[Round "05"]
[TimeControl "180+1"]
[Date "2022.11.23"]
[WhiteClock "0:00:01"]
[BlackClock "0:00:21"]

1. d4 Nf6 2. Nf3 g6 3. g3 Bg7 4. Bg2 O-O 5. O-O c5 6. d5 d6 7. c4 e6 8. Nc3 a6 9. e4 Ne8 10. Qc2 f5 11. dxe6 Bxe6 12. Nd5 Nc6 13. Bg5 Qa5 14. a3 fxe4 15. Qxe4 Bf5 16. Qe3 Bxb2 17. Ra2 Bg7 18. Nh4 Bd4 19. Qe2 Ng7 20. Nxf5 Nxf5 21. Qe6+ Kg7 22. Nf4 Ne5 23. Bd5 Rae8 24. Nh5+ gxh5 25. Bh6+ Kh8 26. Bxf8 Rxe6 27. Bxe6 Nf3+ 28. Kg2 Qd8 0-1


[Site "https://www.chess.com"]

[Event "Titled Tuesday Blitz November 22 Early 2022"]
[White "Lucas, Arthur"]
[Black "Ivic, Velimir"]
[WhiteFideId "26093073"]
[BlackFideId "950122"]
[WhiteElo "2251"]
[BlackElo "2625"]
[Result "0-1"]
[Round "05"]
[TimeControl "180+1"]
[Date "2022.11.23"]
[WhiteClock "0:00:01"]
[BlackClock "0:00:51"]

1. d4 Nf6 2. Nf3 g6 3. Bf4 Bg7 4. c3 O-O 5. Nbd2 d6 6. e4 c5 7. dxc5 dxc5 8. h3 Nc6 9. Be2 b6 10. O-O Bb7 11. Qc2 Nh5 12. Be3 Qc7 13. Rfd1 Nf4 14. Bf1 Rad8 15. a4 Bc8 16. Nc4 Be6 17. Rxd8 Rxd8 18. Rd1 Rxd1 19. Qxd1 h6 20. h4 Bg4 21. g3 Nh5 22. Kg2 Nf6 23. Qc2 a6 24. Be2 b5 25. axb5 axb5 26. Ncd2 c4 27. Nf1 Nd7 28. N1h2 Be6 29. Nd4 Nxd4 30. cxd4 Nb6 31. b3 Qb7 32. d5 cxb3 33. Qxb3 Bd7 34. Bxb5 Nxd5 35. Qxd5 Qxd5 36. exd5 Bxb5 37. Bc5 Bf8 38. Kf3 Ba6 39. Ke4 Bb7 40. Kd4 Bg7+ 41. Kc4 Ba6+ 42. Kb4 Kf8 43. Nf3 Bb7 44. Kc4 Ba6+ 45. Kb4 Ke8 46. Bd4 Bf8 47. Bc5 Bb7 48. Kc4 Bg7 49. Nd4 Ba6+ 50. Kb4 Bb7 51. Kc4 Kd7 52. Nb5 Ba6 53. Kb4 h5 54. Nc3 Be5 55. Ne4 Bb7 56. Kc4 Ba6+ 57. Kb4 Bd3 58. Nd2 Bf6 59. Nc4 Be4 60. Nb6+ Kc7 61. Kc4 Bg2 62. Na8+ Kb7 63. Nb6 Bh3 64. Na4 Bf1+ 65. Kb4 Kc7 66. Nc3 Kd7 67. Ne4 Be5 68. Nc3 Bg2 69. Kc4 Bf1+ 70. Kb4 f6 71. Nb5 g5 72. hxg5 fxg5 73. Be3 h4 74. gxh4 gxh4 75. f4 h3 76. fxe5 h2 77. e6+ Ke8 78. Bh6 h1=Q 79. Nc7+ Kd8 80. d6 Qxh6 81. Nd5 exd6 82. e7+ Ke8 83. Kc3 Bg2 0-1


[Site "https://www.chess.com"]

[Event "Titled Tuesday Blitz November 22 Early 2022"]
[White "Madaminov, Mukhiddin"]
[Black "Csonka, Balazs"]
[WhiteFideId "14210703"]
[BlackFideId "742910"]
[WhiteElo "2341"]
[BlackElo "2404"]
[Result "1-0"]
[Round "05"]
[TimeControl "180+1"]
[Date "2022.11.22"]
[WhiteClock "0:00:15"]
[BlackClock "0:00:01"]

1. d4 Nf6 2. Nc3 e6 3. Bf4 Bb4 4. e3 Nd5 5. Ne2 Nxf4 6. Nxf4 Bxc3+ 7. bxc3 d6 8. Bd3 e5 9. Nh5 g6 10. Ng3 Nd7 11. h4 h5 12. Rb1 Qe7 13. Ne4 b6 14. Ng5 Bb7 15. O-O O-O 16. c4 Kg7 17. c3 Nf6 18. Bc2 Nh7 19. Nxh7 Kxh7 20. Qxh5+ Kg7 21. Qg4 Rh8 22. g3 Rh5 23. e4 Rah8 24. d5 Bc8 25. Qf3 g5 26. Kg2 gxh4 27. Rh1 Qg5 28. Rbg1 Bg4 29. Qd3 h3+ 30. Kh2 R8h6 31. Bd1 Rf6 32. f4 exf4 33. Bxg4 Rhh6 34. Bf5 f3 35. Rf1 1-0


[Site "https://www.chess.com"]

[Event "Titled Tuesday Blitz November 22 Early 2022"]
[White "Makhmudov, Shukhrat"]
[Black "Jeet, Jain"]
[WhiteFideId "14200775"]
[BlackFideId "5073022"]
[WhiteElo "2135"]
[BlackElo "2067"]
[Result "0-1"]
[Round "05"]
[TimeControl "180+1"]
[Date "2022.11.23"]
[WhiteClock "0:00:22"]
[BlackClock "0:01:50"]

1. d4 Nf6 2. c4 b6 3. g3 Bb7 4. Nf3 g6 5. Bg2 Bg7 6. O-O O-O 7. Nc3 d6 8. Re1 Nbd7 9. e4 e5 10. d5 h6 11. h3 Nh7 12. Nh2 f5 13. Bd2 f4 14. gxf4 exf4 15. f3 Ne5 16. b3 h5 17. Rf1 Bc8 18. Qc1 Qh4 19. Be1 Qf6 20. h4 Nd3 21. Qd2 Nxe1 22. Qxe1 Qxc3 23. Qxc3 Bxc3 24. Rac1 Bf6 0-1


[Site "https://www.chess.com"]

[Event "Titled Tuesday Blitz November 22 Early 2022"]
[White "Manon-og, Ramon Jr."]
[Black "Shuvalov, Evgenij"]
[WhiteFideId "5200776"]
[BlackFideId "4187237"]
[WhiteElo "2327"]
[BlackElo "2049"]
[Result "0-1"]
[Round "05"]
[TimeControl "180+1"]
[Date "2022.11.23"]
[WhiteClock "0:00:23"]
[BlackClock "0:00:51"]

1. e4 e6 2. d4 d5 3. Nd2 c5 4. Ngf3 Nc6 5. Bb5 cxd4 6. Bxc6+ bxc6 7. exd5 Qxd5 8. O-O Nf6 9. Nb3 c5 10. Re1 Bd6 11. Bg5 Bb7 12. c3 dxc3 13. bxc3 Qxd1 14. Raxd1 Be7 15. Ne5 O-O 16. Bxf6 gxf6 17. Rd7 fxe5 18. Rxe7 Bd5 19. Nxc5 Bxa2 20. Rxe5 Rfc8 21. h4 Bd5 22. Nd7 h6 23. Nf6+ Kf8 24. Nxd5 exd5 25. Rd7 Re8 26. Rexd5 a5 27. Rf5 Re7 28. Rxe7 Kxe7 29. Rb5 a4 30. g4 a3 31. Rb1 a2 32. Ra1 Kd6 33. Kf1 Kc5 34. Ke2 Kc4 35. Kd2 Kb3 36. Kc1 Kxc3 37. f4 Kb3 38. g5 h5 39. Kd2 Kb2 40. Rg1 a1=Q 41. Rxa1 Rxa1 42. f5 Rf1 0-1


[Site "https://www.chess.com"]

[Event "Titled Tuesday Blitz November 22 Early 2022"]
[White "Matinian, Nikita"]
[Black "Andreikin, Dmitry"]
[WhiteFideId "24129100"]
[BlackFideId "4158814"]
[WhiteElo "2422"]
[BlackElo "2736"]
[Result "0-1"]
[Round "05"]
[TimeControl "180+1"]
[Date "2022.11.22"]
[WhiteClock "0:00:09"]
[BlackClock "0:02:11"]

1. e4 c5 2. Nf3 e6 3. d4 cxd4 4. Nxd4 Nc6 5. Nc3 Qc7 6. Be2 a6 7. O-O Nf6 8. Be3 Be7 9. f4 d6 10. Kh1 O-O 11. Qe1 Nxd4 12. Bxd4 b5 13. a3 Bb7 14. Qg3 Rad8 15. Bd3 Qd7 16. Rae1 Nh5 17. Qg4 Nf6 18. Qh3 e5 19. fxe5 Qxh3 20. gxh3 dxe5 21. Bxe5 Nd7 22. Bc7 Rc8 23. Bg3 Nb6 24. Nd1 Rfd8 25. Ne3 Nc4 26. Nd5 Bf8 27. Rg1 Nxb2 28. Be5 Nxd3 29. cxd3 Rxd5 30. exd5 Bxd5+ 31. Re4 f5 0-1


[Site "https://www.chess.com"]

[Event "Titled Tuesday Blitz November 22 Early 2022"]
[White "Melikyan, Gnel"]
[Black "Grandelius, Nils"]
[WhiteFideId "54109990"]
[BlackFideId "1710400"]
[WhiteElo "2138"]
[BlackElo "2617"]
[Result "0-1"]
[Round "05"]
[TimeControl "180+1"]
[Date "2022.11.22"]
[WhiteClock "0:00:06"]
[BlackClock "0:00:07"]

1. e4 c5 2. Nf3 d6 3. d4 cxd4 4. Nxd4 Nf6 5. Nc3 a6 6. Be3 Nbd7 7. f3 Qc7 8. Be2 e6 9. Qd2 b5 10. O-O Be7 11. Rfd1 O-O 12. Rac1 b4 13. Nb1 d5 14. exd5 Nxd5 15. Bf2 Bb7 16. c3 Qd8 17. g3 bxc3 18. Nxc3 Bb4 19. a3 Nxc3 20. bxc3 Bxa3 21. Ra1 Bc5 22. Nxe6 Bxf2+ 23. Kxf2 Qb6+ 24. Qe3 fxe6 25. Rxd7 Qb2 26. Qxe6+ Kh8 27. Ra2 Rxf3+ 28. Kg2 Rf6+ 29. Kh3 Qc1 30. Qe7 Qh6+ 31. Kg4 Rg6+ 32. Kf5 Qh3+ 33. Ke5 Rg8 34. Rxb7 Qxh2 35. Bc4 Qxg3+ 36. Kd5 Rg5+ 37. Kc6 Rc8+ 38. Rc7 Rxc7+ 39. Qxc7 Rc5+ 40. Kxc5 Qxc7+ 41. Kb4 Qb6+ 42. Ka4 a5 43. Bb5 g5 44. c4 Qc5 45. Kxa5 g4 46. Rd2 g3 47. Rd5 Qa7+ 48. Kb4 g2 49. Rd8+ Kg7 50. Rd7+ Qxd7 51. Bxd7 g1=Q 52. Bc6 Qb6+ 53. Bb5 Qd4 0-1


[Site "https://www.chess.com"]

[Event "Titled Tuesday Blitz November 22 Early 2022"]
[White "Miszler, Levente"]
[Black "Gurevich, Dmitry"]
[WhiteFideId "763276"]
[BlackFideId "2000407"]
[WhiteElo "2176"]
[BlackElo "2506"]
[Result "1-0"]
[Round "05"]
[TimeControl "180+1"]
[Date "2022.11.23"]
[WhiteClock "0:00:35"]
[BlackClock "0:00:04"]

1. Nf3 Nf6 2. c4 c5 3. g3 b6 4. Bg2 Bb7 5. O-O g6 6. d4 cxd4 7. Qxd4 Bg7 8. Nc3 d6 9. Qh4 h6 10. Rd1 Nbd7 11. Nd4 Bxg2 12. Kxg2 Qc8 13. b3 Qb7+ 14. Kg1 Rc8 15. Bb2 Rc5 16. Qh3 O-O 17. Qg2 Qxg2+ 18. Kxg2 a6 19. Na4 Rc7 20. Rac1 Rb8 21. Nc3 Nc5 22. Nd5 Nxd5 23. cxd5 Rbc8 24. Rc2 Bxd4 25. Bxd4 Nd7 26. Rxc7 Rxc7 27. Rd2 b5 28. Bb2 f5 29. f4 Kf7 30. Kf3 Nf6 31. Bxf6 Kxf6 32. e4 Rc3+ 33. Ke2 fxe4 34. g4 h5 35. Rd4 hxg4 36. Rxe4 Rc2+ 37. Ke3 Rxa2 38. Re6+ Kf7 39. f5 gxf5 40. Kf4 Rxh2 41. Kxf5 Rh5+ 42. Kxg4 Rxd5 43. Re3 e6 44. Rc3 Kg6 45. Rc6 Rd4+ 46. Kf3 Kf5 47. Rxa6 Ke5 48. Ke2 Rb4 49. Ra3 d5 50. Kd2 Kd6 51. Kc3 Kc5 52. Ra8 Re4 53. b4+ Kd6 54. Rb8 Re3+ 55. Kc2 Ke5 56. Rxb5 Kd4 57. Rb8 e5 58. b5 Rc3+ 59. Kd2 Rb3 60. b6 e4 61. b7 e3+ 62. Kc2 Rb5 63. Kc1 Rb6 64. Kc2 Rc6+ 65. Kd1 Rc7 66. Ke2 Rc2+ 67. Kd1 Rc4 68. Re8 e2+ 69. Kxe2 1-0


[Site "https://www.chess.com"]

[Event "Titled Tuesday Blitz November 22 Early 2022"]
[White "Mohammed, Dilshad"]
[Black "Rakhmanov, Aleksandr"]
[WhiteFideId "5050421"]
[BlackFideId "4173708"]
[WhiteElo "2102"]
[BlackElo "2530"]
[Result "0-1"]
[Round "05"]
[TimeControl "180+1"]
[Date "2022.11.23"]
[WhiteClock "0:00:01"]
[BlackClock "0:00:23"]

1. Nf3 d5 2. d4 e6 3. e3 a6 4. Bd3 c5 5. c3 Nc6 6. O-O Qc7 7. Re1 Nf6 8. Nbd2 Bd6 9. Nf1 O-O 10. dxc5 Bxc5 11. e4 dxe4 12. Bxe4 Nxe4 13. Rxe4 e5 14. Be3 Be7 15. Bg5 f6 16. Qb3+ Kh8 17. Bh4 Bf5 18. Ree1 Na5 19. Qa4 b5 20. Qd1 Rad8 21. Qe2 Bd3 22. Qe3 Nc4 23. Qc1 Bc5 24. Bg3 Qb6 25. N1d2 Nxd2 26. Qxd2 e4 27. Nh4 f5 28. Be5 Qe6 29. Qf4 Rd5 30. Bc7 Qf6 31. Nf3 exf3 32. Qxf3 Be4 33. Qh3 Rd2 34. Bg3 Rxb2 35. Rad1 h6 36. Kh1 Bxf2 37. Rd6 Bxe1 38. Rxf6 Rxf6 0-1


[Site "https://www.chess.com"]

[Event "Titled Tuesday Blitz November 22 Early 2022"]
[White "Movahed, Sina"]
[Black "Nakamura, Hikaru"]
[WhiteFideId "42520835"]
[BlackFideId "2016192"]
[WhiteElo "2225"]
[BlackElo "2909"]
[Result "0-1"]
[Round "05"]
[TimeControl "180+1"]
[Date "2022.11.22"]
[WhiteClock "0:00:16"]
[BlackClock "0:00:07"]

1. e4 f6 2. d4 g6 3. Nf3 Nh6 4. Bd3 Nf7 5. Nc3 Bg7 6. O-O O-O 7. Bc4 e6 8. a4 d6 9. a5 c6 10. Bb3 d5 11. Re1 Na6 12. h3 Qc7 13. Be3 Rd8 14. Qc1 g5 15. h4 h6 16. Ra4 Bd7 17. e5 c5 18. exf6 Bxf6 19. hxg5 hxg5 20. dxc5 Bxa4 21. Nxa4 Qe7 22. c3 Re8 23. Bc2 Rf8 24. Bb1 e5 25. c4 g4 26. Nh2 g3 27. fxg3 d4 28. Qc2 e4 29. Bf2 d3 30. Qd1 Rad8 31. Nc3 Bxc3 32. bxc3 Ng5 33. Qh5 Qg7 34. c6 Rxf2 35. Kxf2 Nc5 36. cxb7 Qf7+ 37. Qxf7+ Nxf7 38. Ng4 Nd6 39. Ba2 Kg7 40. Ne5 Ndxb7 41. Ke3 Nd6 42. g4 Ndb7 43. Rf1 Re8 44. Rf7+ Kg8 45. Rf5 Kg7 46. Rg5+ Kf6 47. Rf5+ Ke6 48. Ng6 Rg8 49. Nf4+ Kd7 50. g5 Kc6 51. Rf6+ Nd6 52. g6 Kd7 53. g4 Ne8 54. Rf7+ Kc6 55. g5 Nc7 56. Rf6+ Kd7 57. Nd5 Ne8 58. Rf7+ Ke6 59. Nf4+ Kd6 60. Rxa7 Nc7 61. Nd5 Nxd5+ 62. cxd5 Rxg6 63. a6 Rxg5 64. Ra8 Rg3+ 65. Kd4 d2 66. Rd8+ Kc7 67. Kxc5 d1=Q 68. a7 Rxc3+ 69. Kb4 Qd4+ 70. Kb5 Rc5+ 71. Ka6 Qa4# 0-1


[Site "https://www.chess.com"]

[Event "Titled Tuesday Blitz November 22 Early 2022"]
[White "Mrudul Dehankar"]
[Black "Safin, Robert"]
[WhiteFideId "25096990"]
[BlackFideId "34189120"]
[WhiteElo "2068"]
[BlackElo "2253"]
[Result "1-0"]
[Round "05"]
[TimeControl "180+1"]
[Date "2022.11.23"]
[WhiteClock "0:01:26"]
[BlackClock "0:02:21"]

1. e4 e6 2. Nf3 d5 3. Nc3 dxe4 4. Nxe4 Nd7 5. d4 Ngf6 6. Nxf6+ Nxf6 7. Bd3 c5 8. O-O cxd4 9. Nxd4 Bc5 10. Nb3 Bd6 11. Qf3 Qc7 12. h3 Bd7 13. Nd4 a6 14. c3 O-O-O 15. Be3 Kb8 16. b4 Bh2+ 17. Kh1 Be5 18. b5 Qxc3 19. bxa6 Nd5 20. Qe4 f5 21. Qxe5+ 1-0


[Site "https://www.chess.com"]

[Event "Titled Tuesday Blitz November 22 Early 2022"]
[White "Muminova, Nafisa"]
[Black "Vaishali, Rameshbabu"]
[WhiteFideId "14201526"]
[BlackFideId "5091756"]
[WhiteElo "2258"]
[BlackElo "2351"]
[Result "0-1"]
[Round "05"]
[TimeControl "180+1"]
[Date "2022.11.23"]
[WhiteClock "0:00:01"]
[BlackClock "0:00:08"]

1. e4 c5 2. Nf3 d6 3. Bb5+ Bd7 4. Bxd7+ Qxd7 5. O-O Nc6 6. c3 Nf6 7. Re1 g6 8. d4 cxd4 9. cxd4 Bg7 10. Nc3 O-O 11. h3 d5 12. e5 Ne4 13. Nxe4 dxe4 14. Rxe4 Rfd8 15. Bf4 Qd5 16. Qe2 Rac8 17. Rd1 Qxa2 18. Re3 Qd5 19. Rc3 Nb4 20. Rdc1 Rxc3 21. Rxc3 Nc6 22. Be3 h6 23. Rc5 Qb3 24. Qb5 Qxb5 25. Rxb5 b6 26. Kf1 e6 27. Rb3 Ne7 28. Ra3 a5 29. Rc3 Nd5 30. Rc6 a4 31. Ke2 Bf8 32. Nd2 b5 33. Ne4 b4 34. Ra6 a3 35. bxa3 bxa3 36. Nc5 a2 37. Kd2 Bxc5 38. Rxa2 Bb4+ 39. Kd3 Kg7 40. Ra7 Rc8 41. Rb7 Rc3+ 42. Ke4 Ra3 43. h4 Be1 44. g4 Nxe3 45. fxe3 Bxh4 46. Kf3 Bg5 47. d5 Rxe3+ 48. Kg2 exd5 0-1


[Site "https://www.chess.com"]

[Event "Titled Tuesday Blitz November 22 Early 2022"]
[White "Munkhgal, Gombosuren"]
[Black "Zemlyanskii, Ivan"]
[WhiteFideId "4901266"]
[BlackFideId "24249971"]
[WhiteElo "2576"]
[BlackElo "2107"]
[Result "1-0"]
[Round "05"]
[TimeControl "180+1"]
[Date "2022.11.22"]
[WhiteClock "0:00:28"]
[BlackClock "0:00:02"]

1. d4 d5 2. Bf4 Nf6 3. e3 c5 4. c3 Nc6 5. Nd2 Qb6 6. Qb3 c4 7. Qc2 g6 8. Ngf3 Bf5 9. Qc1 Bg7 10. h3 O-O 11. Be2 Rfc8 12. O-O Qd8 13. Ne5 b5 14. Nxc6 Rxc6 15. Be5 a5 16. a3 Nd7 17. Bxg7 Kxg7 18. g4 Be6 19. f4 Qc7 20. e4 dxe4 21. Nxe4 Bd5 22. Bf3 e6 23. Qe3 Rb6 24. Ng3 Bxf3 25. Rxf3 Nf6 26. Raf1 Nd5 27. Qe4 Re8 28. f5 Nf6 29. Qe5 Qxe5 30. dxe5 Nd5 31. fxg6 fxg6 32. Rf7+ Kg8 33. Ra7 Re7 34. Rxa5 g5 35. Ra8+ Kg7 36. Rff8 Nf4 37. Rf6 Ng6 38. Nf5+ exf5 39. Rxb6 fxg4 40. hxg4 Rxe5 41. Rab8 Re2 42. Rxb5 Ne5 43. Kf1 Re3 44. Re8 Nxg4 45. Rxe3 Nxe3+ 46. Ke2 Nc2 47. Rxg5+ Kf6 48. Rc5 Na1 49. Rxc4 h5 50. a4 1-0


[Site "https://www.chess.com"]

[Event "Titled Tuesday Blitz November 22 Early 2022"]
[White "Omariev, Maksim"]
[Black "Ginzburg, Yakov"]
[WhiteFideId "4193423"]
[BlackFideId "4157176"]
[WhiteElo "2448"]
[BlackElo "2305"]
[Result "0-1"]
[Round "05"]
[TimeControl "180+1"]
[Date "2022.11.23"]
[WhiteClock "0:00:02"]
[BlackClock "0:00:29"]

1. g4 e5 2. Bg2 d5 3. d4 e4 4. g5 h6 5. h4 hxg5 6. hxg5 Rxh1 7. Bxh1 Qd6 8. f4 exf3 9. Nxf3 Qg3+ 10. Kd2 Nc6 11. c3 Bf5 12. Qg1 Bd6 13. Qxg3 Bxg3 14. Na3 O-O-O 15. Nc2 Nge7 16. Ne3 Be4 17. Nf1 Bf4+ 18. Ke1 Bd6 19. Kf2 Rh8 20. Bg2 Nf5 21. Bd2 Nce7 22. Ne1 Ng6 23. Bxe4 dxe4 24. Ng2 Rh1 25. Rc1 Ngh4 26. Nxh4 Rxh4 27. Ne3 Rh2+ 28. Ke1 Ng3 29. Kd1 Nxe2 30. Rb1 Ng1 31. Nf5 Nf3 32. Nxd6+ cxd6 33. Bf4 Rg2 34. a4 Kd7 35. a5 a6 36. b4 Kc6 37. Be3 d5 38. Bf4 Kb5 39. Rc1 Kc4 40. Rc2 Rg1+ 41. Ke2 Rg2+ 42. Kd1 Rg1+ 43. Ke2 Nxg5 44. Kf2 Nh3+ 45. Ke3 Re1+ 46. Kd2 Rf1 47. Be5 f6 48. Bd6 g5 49. Ra2 Rf2+ 50. Ke3 Rxa2 51. b5 f5 52. bxa6 f4+ 53. Bxf4 gxf4# 0-1


[Site "https://www.chess.com"]

[Event "Titled Tuesday Blitz November 22 Early 2022"]
[White "Orlov, Georgi"]
[Black "Bashirli, Saadat"]
[WhiteFideId "2011271"]
[BlackFideId "13429990"]
[WhiteElo "2528"]
[BlackElo "1408"]
[Result "1-0"]
[Round "05"]
[TimeControl "180+1"]
[Date "2022.11.23"]
[WhiteClock "0:00:18"]
[BlackClock "0:00:10"]

1. e4 c5 2. Nf3 g6 3. d4 cxd4 4. Qxd4 Nf6 5. e5 Nc6 6. Qf4 Nd5 7. Qe4 Nc7 8. Bf4 Bg7 9. Nc3 O-O 10. O-O-O Ne6 11. Bg3 Qa5 12. h4 h5 13. Kb1 Nb4 14. a3 Nc6 15. Nd5 Nc5 16. Qe3 Na4 17. Bc4 b5 18. Bb3 b4 19. axb4 Nxb4 20. Nxe7+ Kh8 21. Ng5 Qd8 22. Nxc8 Qxc8 23. Bxa4 Rb8 24. Bb3 Qb7 25. Qe4 Qb5 26. Nxf7+ Rxf7 27. Qxg6 Nxc2 28. Qxh5+ Bh6 29. Qxh6+ Rh7 30. Qf6+ Rg7 31. Qh6+ Rh7 32. Qxh7+ Kxh7 33. Bxc2+ Kg7 34. b3 a5 35. e6 Rc8 36. exd7 Rd8 37. h5 Rxd7 38. h6+ Kh8 39. Rxd7 Qxd7 40. Be5+ Kg8 41. h7+ Kf7 42. h8=Q Ke6 43. Qf6+ Kd5 44. Rd1+ Kc5 45. Rxd7 Kb4 46. Qd6+ Kb5 47. Bd3# 1-0


[Site "https://www.chess.com"]

[Event "Titled Tuesday Blitz November 22 Early 2022"]
[White "Osmonbekov, Talaibek"]
[Black "Fathy, Elameir"]
[WhiteFideId "2017253"]
[BlackFideId "10600396"]
[WhiteElo "2135"]
[BlackElo "2311"]
[Result "0-1"]
[Round "05"]
[TimeControl "180+1"]
[Date "2022.11.23"]
[WhiteClock "0:00:34"]
[BlackClock "0:00:57"]

1. d4 d5 2. Bf4 c5 3. e3 Nc6 4. Nc3 cxd4 5. exd4 Bf5 6. Nf3 e6 7. Ne5 Nf6 8. g4 Nxe5 9. gxf5 Nc6 10. fxe6 fxe6 11. Rg1 a6 12. Bh3 Qb6 13. Na4 Qxd4 14. Qxd4 Nxd4 15. O-O-O Ne2+ 16. Kb1 Nxf4 17. Nb6 Nxh3 18. Rge1 Rd8 19. Rxe6+ Kf7 20. Re3 Bc5 21. Rxh3 Bxb6 22. Rb3 Rd6 23. c4 Rhd8 24. cxd5 Rxd5 25. Rxd5 Nxd5 26. Rf3+ Ke6 27. Rd3 Rf8 28. f3 g6 29. a3 Rf4 30. b4 Rd4 31. Rb3 Rd2 32. h4 Rh2 33. b5 a5 34. Rd3 Rxh4 35. Rd1 Rh2 36. Re1+ Ne3 0-1


[Site "https://www.chess.com"]

[Event "Titled Tuesday Blitz November 22 Early 2022"]
[White "Ostrovskiy, Aleksandr"]
[Black "Oparin, Grigoriy"]
[WhiteFideId "2034239"]
[BlackFideId "24125890"]
[WhiteElo "2340"]
[BlackElo "2639"]
[Result "0-1"]
[Round "05"]
[TimeControl "180+1"]
[Date "2022.11.22"]
[WhiteClock "0:00:01"]
[BlackClock "0:00:05"]

1. e4 c5 2. Nc3 a6 3. d4 cxd4 4. Qxd4 Nc6 5. Qd2 b5 6. b3 Bb7 7. Bb2 e6 8. O-O-O Qc7 9. Nd5 exd5 10. exd5 Nd8 11. Qe3+ Ne6 12. dxe6 dxe6 13. Nf3 Nf6 14. Bd3 Nd5 15. Qg5 h6 16. Qg4 Qf4+ 17. Qxf4 Nxf4 18. Bf1 f6 19. Rg1 Rc8 20. Nd4 e5 21. Nf5 Be4 22. Ne3 Bc5 23. Rd2 Ke7 24. g3 Bxe3 25. fxe3 Nd5 26. Bd3 Bxd3 27. Rxd3 Ke6 28. Rgd1 Nb4 29. Rd6+ Kf5 30. c3 Nxa2+ 31. Kd2 Rhd8 32. Rxd8 Rxd8+ 33. Kc2 Rxd1 34. Kxd1 b4 35. c4 Ke6 36. Kc2 Kd6 37. Kb1 Nc3+ 38. Bxc3 bxc3 39. Kc2 Kc5 40. Kxc3 a5 41. e4 g6 42. g4 h5 43. gxh5 gxh5 44. h4 Kb6 45. b4 a4 46. Kb2 f5 47. exf5 e4 48. f6 e3 49. f7 e2 50. f8=Q e1=Q 51. Qc5+ Kb7 52. Qd5+ Kc7 53. Qa5+ Kb7 54. Qb5+ Kc7 55. Qxa4 Qd2+ 56. Qc2 Qxb4+ 57. Ka2 Qa5+ 58. Kb1 Qb6+ 59. Kc1 Qe3+ 60. Kb1 Qe1+ 61. Kb2 Qxh4 62. Kb3 Qg3+ 63. Kb4 Qe1+ 64. Kb5 Qe8+ 65. Kb4 Qe7+ 66. c5 h4 67. Qh2+ Kc8 68. Qh3+ Kb7 69. Qh2 Ka7 70. Kb5 Qb7+ 71. Kc4 Qe4+ 72. Kb5 Qe8+ 73. c6 Qb8+ 74. Qxb8+ Kxb8 0-1


[Site "https://www.chess.com"]

[Event "Titled Tuesday Blitz November 22 Early 2022"]
[White "Ovchinnikov, Vsevolod"]
[Black "Boraso, Alessio"]
[WhiteFideId "24176842"]
[BlackFideId "848077"]
[WhiteElo "2376"]
[BlackElo "2286"]
[Result "1-0"]
[Round "05"]
[TimeControl "180+1"]
[Date "2022.11.23"]
[WhiteClock "0:00:24"]
[BlackClock "0:00:01"]

1. d4 Nf6 2. c4 g6 3. Nc3 Bg7 4. e4 O-O 5. Nf3 d6 6. h3 Na6 7. Be3 e5 8. d5 Nh5 9. g3 f5 10. exf5 Rxf5 11. g4 e4 12. Nd4 Rf4 13. gxh5 Qh4 14. hxg6 Bd7 15. gxh7+ Kh8 16. Qd2 Raf8 17. Rh2 Be5 18. Rg2 Kxh7 19. Ne6 Bxe6 20. dxe6 Nc5 21. O-O-O Nxe6 22. Kb1 Qf6 23. Nd5 Qf5 24. Nxf4 Nxf4 25. Rg4 Ng6 26. Qc2 Bg7 27. Qxe4 Qh5 28. Bd3 Rf6 29. Rdg1 Qe5 1-0


[Site "https://www.chess.com"]

[Event "Titled Tuesday Blitz November 22 Early 2022"]
[White "Padmini, Rout"]
[Black "Jones, Daniel"]
[WhiteFideId "5029295"]
[BlackFideId "2019655"]
[WhiteElo "2296"]
[BlackElo "2353"]
[Result "0-1"]
[Round "05"]
[TimeControl "180+1"]
[Date "2022.11.23"]
[WhiteClock "0:00:50"]
[BlackClock "0:01:24"]

1. Nf3 d5 2. g3 c5 3. Bg2 b6 4. O-O Bb7 5. c4 d4 6. e3 Nc6 7. exd4 Nxd4 8. Nxd4 Bxg2 9. Qa4+ Qd7 10. Qxd7+ Kxd7 11. Kxg2 cxd4 12. d3 e5 13. f4 f6 14. fxe5 fxe5 15. Nd2 Nf6 16. Nf3 Bd6 17. Bg5 h6 18. Bxf6 gxf6 19. Nd2 Be7 20. Rf5 Ke6 21. Raf1 Rac8 22. Ne4 Rhf8 23. g4 Rf7 24. h4 Rg8 25. Kf3 Rfg7 26. Rg1 Rg6 27. a3 R8g7 28. b4 Rg8 29. Rh5 Rb8 30. Ng3 a5 31. Nf5 Bf8 32. Ke4 axb4 33. axb4 Ra8 34. g5 hxg5 35. hxg5 Ra2 36. Re1 Rf2 37. gxf6 Rf4# 0-1


[Site "https://www.chess.com"]

[Event "Titled Tuesday Blitz November 22 Early 2022"]
[White "Pajeken, Jakob Leon"]
[Black "Stribuk, Artiom"]
[WhiteFideId "12942839"]
[BlackFideId "13515659"]
[WhiteElo "2429"]
[BlackElo "2371"]
[Result "0-1"]
[Round "05"]
[TimeControl "180+1"]
[Date "2022.11.23"]
[WhiteClock "0:00:14"]
[BlackClock "0:00:05"]

1. d4 Nf6 2. Nf3 g6 3. g3 Bg7 4. Bg2 O-O 5. O-O d5 6. c4 c6 7. cxd5 cxd5 8. Nc3 Ne4 9. Ne5 Nxc3 10. bxc3 Nd7 11. Nd3 Nb6 12. Rb1 Bd7 13. Ba3 Bc6 14. Bc5 Nc4 15. Nb4 Rc8 16. Nxc6 bxc6 17. e4 Re8 18. exd5 cxd5 19. Rb7 e6 20. Qa4 Bf8 21. Bxf8 Rxf8 22. Rxa7 Qb6 23. Re1 Nb2 24. Qd7 Nd3 25. Re3 Rxc3 26. Bf1 Rc1 27. Kg2 Ne1+ 28. Kh3 Qxd4 29. Rf3 h5 30. Rxf7 Qg4# 0-1


[Site "https://www.chess.com"]

[Event "Titled Tuesday Blitz November 22 Early 2022"]
[White "Paravyan, David"]
[Black "Nguyen Hong Nhung"]
[WhiteFideId "4194985"]
[BlackFideId "12412201"]
[WhiteElo "2546"]
[BlackElo "1904"]
[Result "1-0"]
[Round "05"]
[TimeControl "180+1"]
[Date "2022.11.23"]
[WhiteClock "0:02:18"]
[BlackClock "0:01:36"]

1. e4 c5 2. Nf3 e6 3. d4 cxd4 4. Nxd4 Nc6 5. Nc3 Qc7 6. Nxc6 bxc6 7. Bd3 d5 8. Qe2 Nf6 9. exd5 cxd5 10. Nb5 Qa5+ 11. Bd2 Qb6 12. Bf4 Rb8 13. O-O Rb7 14. c4 Be7 15. Be3 Bc5 16. Bxc5 Qxc5 17. cxd5 Nxd5 18. Rac1 Qe7 19. Rxc8+ 1-0


[Site "https://www.chess.com"]

[Event "Titled Tuesday Blitz November 22 Early 2022"]
[White "Petrova, Irina"]
[Black "Golubev, Mikhail"]
[WhiteFideId "14124122"]
[BlackFideId "14100983"]
[WhiteElo "2023"]
[BlackElo "2374"]
[Result "1/2-1/2"]
[Round "05"]
[TimeControl "180+1"]
[Date "2022.11.23"]
[WhiteClock "0:00:15"]
[BlackClock "0:00:09"]

1. e4 c5 2. Nf3 d6 3. Bb5+ Nc6 4. Bxc6+ bxc6 5. O-O e5 6. c3 Nf6 7. Re1 Bg4 8. d4 cxd4 9. cxd4 exd4 10. e5 dxe5 11. Rxe5+ Be7 12. h3 Bh5 13. g4 Bg6 14. Qxd4 O-O 15. Qxd8 Bxd8 16. Nc3 h5 17. g5 Nd5 18. Nxd5 cxd5 19. Re1 f6 20. h4 Be4 21. Nd4 fxg5 22. Bxg5 Bxg5 23. hxg5 Rf4 24. f3 Bxf3 25. Nxf3 Rxf3 26. Re5 Raf8 27. Rd1 Rf2 28. Rexd5 Rxb2 29. g6 Rxa2 30. Rxh5 Ra6 31. Rg5 Raf6 32. Rd3 Rc6 33. Kg2 Rc2+ 34. Kg3 Ra2 35. Rgd5 a5 36. Rd8 Re2 37. R8d5 Re6 38. Rxa5 Rxg6+ 39. Kh3 Rf1 40. Ra8+ Kh7 41. Kh2 Rf2+ 42. Kh1 Rh6+ 43. Kg1 Rb2 44. Rd1 Rg6+ 45. Kh1 Rh6+ 46. Kg1 Rc6 47. Ra3 Rcc2 48. Rh3+ Kg6 49. Rg3+ Kf6 50. Rf1+ Ke5 51. Rxg7 Kd4 52. Rg4+ Ke3 53. Rg3+ Ke4 54. Rg4+ Ke3 55. Rg3+ Ke4 56. Rg4+ Ke3 1/2-1/2


[Site "https://www.chess.com"]